 Dungeon Crawl Stone Soup version 0.29-a0-218-gf2abdc9806 (webtiles) character file.

Game seed: 399429428890282280

275 Colgate the Conjurer (level 6, -4/41 HPs)
             Began as a Demonspawn Conjurer on Feb 25, 2022.
             Was a Believer of Okawaru.
             Killed from afar by a goblin (14 damage)
             ... with a bolt of acid
             ... on level 4 of the Dungeon.
             The game lasted 00:07:51 (2836 turns).

Colgate the Conjurer (Demonspawn Conjurer)          Turns: 2836, Time: 00:07:51

Health: -4/41      AC:  5    Str:  8    XL:     6   Next: 3%
Magic:  0/9        EV: 12    Int: 21    God:    Okawaru [**....]
Gold:   172        SH:  0    Dex: 11    Spells: 6/9 levels left

rFire   . . .      SeeInvis +   y - +3 quarterstaff (chaos)
rCold   . . .      Faith    .   (shield currently unavailable)
rNeg    . . .      Spirit   +   a - +0 robe
rPois   +          Reflect  .   (no helmet)
rElec   .          Harm     .   w - +0 cloak
rCorr   .          Rampage  .   (no gloves)
Will    .....                   (no boots)
Stlth   ++........              n - amulet of guardian spirit
HPRegen 0.13/turn               h - ring of see invisible
MPRegen 0.22/turn               o - ring of poison resistance

@: no status effects
A: molten scales 1, spiny 2, magic regeneration
a: Renounce Religion, Heroism


You were on level 4 of the Dungeon.
You worshipped Okawaru.
Okawaru was pleased with you.
You visited 1 branch of the dungeon, and saw 4 of its levels.

You collected 172 gold pieces.

Inventory:

Hand Weapons
 b - a +0 short sword
 f - a +2 dagger of protection
 v - a +1 dagger of speed
 y - a +3 quarterstaff of chaos (weapon)
Armour
 a - a +0 robe (worn)
 w - a +0 cloak (worn)
Jewellery
 h - a ring of see invisible (left hand)
 n - an amulet of guardian spirit (around neck)
 o - a ring of poison resistance (right hand)
Wands
 x - a wand of flame (9)
Scrolls
 e - a scroll of blinking {unknown}
 g - a scroll of teleportation {unknown}
 i - a scroll of fog {unknown}
 k - 3 scrolls of enchant armour {unknown}
 m - 3 scrolls of identify {unknown}
 p - a scroll of vulnerability {unknown}
 q - a scroll of enchant weapon {unknown}
 r - 2 scrolls of fear {unknown}
 s - a scroll of noise {unknown}
 t - a scroll of holy word {unknown}
Potions
 c - a potion of invisibility {unknown}
 d - 2 potions of magic {unknown}
 j - a potion of mutation {unknown}
 l - 2 potions of might {unknown}
 u - a potion of curing {unknown}
 z - a potion of haste {unknown}
 A - a potion of attraction {unknown}


   Skills:
 - Level 1.7 Dodging
 - Level 1.7 Stealth
 + Level 4.2 Unarmed Combat
 - Level 2.0 Spellcasting
 - Level 5.4 Conjurations


You had 6 spell levels left.
You knew the following spells:

 Your Spells              Type           Power      Damage    Failure   Level
a - Magic Dart            Conj           96%        1d7       1%          1
b - Searing Ray           Conj           48%        2d6       2%          2

Your spell library contained the following spells:

 Spells                   Type           Power      Damage    Failure   Level
 Sandblast                Erth           4%         2d4       14%         1
 Dazzling Flash           Conj/Hex       26%        N/A       14%         3
 Stone Arrow              Conj/Erth      26%        3d8       14%         3
 Ensorcelled Hibernation  Hex/Ice        4%         N/A       22%         2
 Passwall                 Tmut/Erth      1%         N/A       22%         2
 Inner Flame              Hex/Fire       2%         N/A       41%         3
 Portal Projectile        Hex/Tloc       4%         N/A       41%         3
 Swiftness                Air            2%         N/A       41%         3
 Fulminant Prism          Conj/Hex       6%         3d7       43%         4
 Iskenderun's Mystic Bla  Conj/Tloc      13%        2d5       43%         4
 Cause Fear               Hex            1%         N/A       82%         4
 Leda's Liquefaction      Hex/Erth       1%         N/A       82%         4
 Discord                  Hex            1%         N/A       100%        8
 Call Canine Familiar     Summ           Unusable   N/A       N/A         3

Dungeon Overview and Level Annotations

Branches:
Dungeon (4/15)
 Temple: D:4-7

Altars:
Okawaru


Innate Abilities, Weirdness & Mutations

You are partially covered in molten scales. (AC +2)
You are mostly covered in sharp spines.
You regenerate magic rapidly.


Message History

There is a stone staircase leading up here.
The orc hits you with a +0 club.
You climb upwards.
There is a stone staircase leading down here.
You thump the orc! You freeze the orc.
You kill the orc!
Okawaru accepts your kill.
No target in view!
You climb downwards.
The goblin shouts!
A jackal comes into view.
The orc wizard is struck by your spines.
The orc wizard hits you with a +0 dagger.
There is a stone staircase leading up, spattered with blood here.
The orc wizard is struck by your spines.
The orc wizard hits you but does no damage.
You climb upwards.
There is a stone staircase leading down here.
The searing ray hits the orc wizard! (Press . to maintain the ray.)
The orc wizard is struck by your spines.
You kill the orc wizard!
Okawaru accepts your kill.
You have reached level 6!
Your demonic ancestry asserts itself...
Sharp spines emerge from more of your body.
Magic restored.
HP restored.
Things that are here:
a +0 dagger; a +0 robe
There is a stone staircase leading down here.
You climb downwards.
The goblin zaps a wand.
The bolt of acid hits the jackal!!
The acid corrodes the jackal!
The jackal dies!
The bolt of acid hits you!!!
Ouch! That really hurt!
* * * LOW HITPOINT WARNING * * *
There is a stone staircase leading up, spattered with blood here.
The goblin zaps a wand.
The bolt of acid hits you!
You die...

.. .. ...# #.
#..#. #..
##...## ..
....... $#
#.....#.#####
#....)[.$...#
#...@.o...#
##...†....#
......=....#
...##........#
## ##.##†####
#. g# #. ># ##
..


You could see an orc wizard and a goblin.

Vanquished Creatures
  A phantom (D:3)
  An orc priest (D:3)
  Crazy Yiuf (D:2)
  Jessica (D:2)
  An orc wizard (D:3)
  2 adders (D:3)
  3 worms (D:2)
  4 dart slugs
  5 orcs
  An endoplasm (D:2)
  2 giant cockroaches (D:2)
  10 goblins
  A hobgoblin (D:2)
  6 jackals
  2 quokkas (D:2)
  4 ball pythons
  3 frilled lizards
  2 kobolds (D:3)
  4 rats
54 creatures vanquished.

Vanquished Creatures (others)
  A jackal (D:4)
1 creature vanquished.

Grand Total: 55 creatures vanquished

Notes
Turn   | Place    | Note
-------+----------+-------------------------------------------
     0 | D:1      | Colgate the Demonspawn Conjurer began the quest for the
                  | Orb.
     0 | D:1      | Reached XP level 1. HP: 13/13 MP: 3/3
   625 | D:1      | Gained mutation: You are partially covered in molten
                  | scales. (AC +2) [demonic ancestry]
   625 | D:1      | Reached XP level 2. HP: 19/19 MP: 0/5
   629 | D:1      | Learned a level 2 spell: Searing Ray
   841 | D:2      | Noticed Jessica
   922 | D:2      | Killed Jessica
   923 | D:2      | Reached skill level 5 in Conjurations
   923 | D:2      | Gained mutation: You regenerate magic rapidly. [demonic
                  | ancestry]
   923 | D:2      | Reached XP level 3. HP: 20/24 MP: 2/6
  1051 | D:2      | Found a faded altar of an unknown god.
  1060 | D:2      | Prayed at the altar of an unknown god.
  1060 | D:2      | Became a worshipper of Warmaster Okawaru
  1060 | D:2      | Reached * piety under Okawaru
  1479 | D:2      | Reached XP level 4. HP: 30/30 MP: 0/7
  1533 | D:2      | Reached skill level 1 in Unarmed Combat
  1655 | D:2      | Found a runed translucent door.
  1656 | D:2      | Noticed Crazy Yiuf
  1663 | D:2      | Killed Crazy Yiuf
  1733 | D:3      | Noticed a phantom
  1743 | D:3      | Killed a phantom
  1744 | D:3      | Gained mutation: You are partially covered in sharp spines.
                  | [demonic ancestry]
  1744 | D:3      | Reached XP level 5. HP: 22/35 MP: 0/8
  2483 | D:3      | Reached ** piety under Okawaru
  2794 | D:3      | Gained mutation: You are mostly covered in sharp spines.
                  | [demonic ancestry]
  2794 | D:3      | Reached XP level 6. HP: 36/41 MP: 6/9
  2836 | D:4      | Killed from afar by a goblin

Illustrated notes

Levels and vault maps discovered:
D:1:      lemuel_arrival_cross, layout_basic
D:2:      layout_rooms, hellmonk_ecumenical_altar_lost_god,
          wander_ebering_terrifying_dragon_lair, uniq_jessica,
          uniq_crazy_yiuf_cottage
D:3:      layout_basic, nrook_uturn
D:4:      layout_rooms, minmay_temple_entry_offerings, nicolae_elemental_shop

Skill      XL: |  1  2  3  4  5 |
---------------+----------------+-----
Conjurations   | 5 |  5.4
Unarmed Combat | 3 4 |  4.2
Dodging        | |  1.7
Stealth        | |  1.7
Spellcasting   | |  2.0

Action                   |  1- 3 |  4- 6 || total
-------------------------+-------+-------++-------
Melee: Short sword       |     4 |       ||     4
       Unarmed           |     1 |       ||     1
       Dagger            |    14 |       ||    14
       Quarterstaff      |       |     6 ||     6
 Cast: Magic Dart        |    46 |    18 ||    64
       Searing Ray       |     8 |    17 ||    25
Armor: Robe              |     3 |     8 ||    11
Dodge: Dodged            |    10 |    16 ||    26

Table legend: (Time is in decaauts)
 A = Elapsed time spent in this place.
 B = Non-inter-level travel time spent in this place.
 C = Inter-level travel time spent in this place.
 D = Time resting spent in this place.
 E = Time spent auto-exploring this place.
 F = Levels seen in this place.
 G = Mean time per level.
                   A        B        C        D        E       F      G
               +--------+--------+--------+--------+--------+-----+--------+
         Total |   2831 |   2714 |    117 |      5 |   2331 |   4 |  707.8 |
       Dungeon |   2831 |   2714 |    117 |      5 |   2331 |   4 |  707.8 |
               +--------+--------+--------+--------+--------+-----+--------+

Top non-repeatable levels by time:
     D:3: 1090 daAuts
     D:1: 968 daAuts
     D:2: 743 daAuts
     D:4: 27 daAuts
